 Dungeon Crawl Stone Soup version 0.19-a0-1341-g3513869 (webtiles) character file.

8215 rlgrobin the Cleaver (level 11, -5/83 HPs)
             Began as a Formicid Fighter on Sept 1, 2016.
             Was a High Priest of Hepliaklqana.
             Killed from afar by Harold (20 damage)
             ... with a bolt of fire
             ... on level 10 of the Dungeon.
             The game lasted 00:26:11 (9325 turns).

rlgrobin the Cleaver (Formicid Fighter)             Turns: 9325, Time: 00:26:11

Health: -5/83      AC: 12    Str: 22    XL:     11   Next: 51%
Magic:  11/11      EV:  9    Int:  7    God:    Hepliaklqana [*****.]
Gold:   454        SH: 12    Dex: 13    Spells: 2 memorised, 4 levels left

rFire  . . .     SeeInvis +     a - +2 war axe
rCold  . . .     Gourm    +     b - +2 scale mail
rNeg   + + .     Faith    .     c - +0 shield
rPois  .         Spirit   .     (helmet unavailable)
rElec  +         Dismiss  .     (no cloak)
rCorr  .         Reflect  .     (no gloves)
MR     +....     Harm     .     x - +2 pair of boots
Stlth  ..........               y - amulet of the gourmand
                                w - ring of positive energy
                                B - ring "Qisav" {rElec rN+ Stlth-}

@: no status effects
A: permanent stasis, dig shafts and tunnels, four strong arms, antennae 3
a: Dig, Shaft Self, Recall Ancestor, Ancestor Identity, Transference, Idealise,
Renounce Religion


You were on level 10 of the Dungeon.
You worshipped Hepliaklqana.
Hepliaklqana was extremely pleased with you.
You were not hungry.

You visited 1 branch of the dungeon, and saw 10 of its levels.
You also visited: Ossuary.

You collected 531 gold pieces.
You spent 77 gold pieces at shops.

Inventory:

Hand Weapons
 a - a +2 war axe (weapon)
 e - a +0 battleaxe
Missiles
 j - 7 tomahawks (quivered)
Armour
 b - a +2 scale mail (worn)
 c - a +0 shield (worn)
 x - a +2 pair of boots (worn)
Jewellery
 w - a ring of positive energy (right hand)
 y - an amulet of the gourmand (around neck)
 B - the ring "Qisav" (left hand) {rElec rN+ Stlth-}
   (You found it on level 9 of the Dungeon)

   [ring of loudness]

   It insulates you from electricity.
   It protects you from negative energy.
   It makes you less stealthy.
Wands
 h - a wand of teleportation (7/9)
Scrolls
 l - 5 scrolls of remove curse
 m - a scroll of amnesia
 q - a scroll of magic mapping
 r - a scroll of recharging
 t - 4 scrolls of identify
 v - 2 scrolls of fog
 z - a scroll of immolation
Potions
 d - 6 potions of might
 i - 6 potions of lignification
 k - 2 potions of flight
 n - a potion of ambrosia
 o - 7 potions of brilliance
 p - 2 potions of curing
 s - 2 potions of invisibility
 u - 4 potions of heal wounds
Comestibles
 f - 5 bread rations
 g - 3 meat rations
 C - 3 beef jerkies
 D - a slice of pizza


   Skills:
 - Level 11.3 Fighting
 - Level 12.1 Axes
 - Level 3.2 Armour
 + Level 9.0 Shields


You had 4 spell levels left.
You knew the following spells:

 Your Spells              Type           Power        Failure   Level  Hunger
a - Summon Butterflies    Summ           #.......     94%         1    ##.....
b - Summon Mana Viper     Hex/Summ       #.......     100%        5    ######.


Dungeon Overview and Level Annotations

Branches:
Dungeon (10/15)            Temple (0/1) D:4            Lair (0/6) D:9
    Orc (0/2) D:10

Altars:
Ashenzari
Cheibriados
Elyvilon
Hepliaklqana
Makhleb
Trog
Xom

Shops:
D:8 *

Annotations:
D:10 Harold


Innate Abilities, Weirdness & Mutations

You are under a permanent stasis effect.
You can dig through walls and to a lower floor.
Your four strong arms can wield two-handed weapons with a shield.
You have a pair of large antennae on your head. (SInv)


Message History

You swap places.
Things that are here:
a morningstar; a hand axe; an orc corpse You swap places.
You swap places.
Harold the Weathered comes into view.
He is wielding a short sword.
Harold shouts!
Harold throws a throwing net.
The throwing net hits you.
You become entangled in the net!
You see here a throwing net.
You struggle against the net.
You struggle against the net.
You struggle against the net.
You rip the net and break free!
Harold casts a spell at you. The bolt of fire hits you!
* * * LOW HITPOINT WARNING * * *
Harold points at you and mumbles some strange words.
The bolt of fire hits you!
You die...

#.h# #######)h#####
.............#
###.#######.c###.#
......(......# #h#
....########.# #c#
#########.##.###h########
...........#.##.lR.......
#######R#.......@.@...##
# ##.#.#####.####.# #
##.## #$# # # ### #.# #
#.# # #.# #.# #..


You could see the friendly Arsinoe the hexer, Harold, a friendly centaur, a
friendly iguana and 2 friendly jackals.

Vanquished Creatures
  Joseph (D:8)
  Psyche (D:9)
  A gargoyle (D:10)
  Grinder (D:5)
  A two-headed ogre (D:9)
  A hippogriff (D:9)
  Menkaure (D:5)
  A water moccasin (D:8)
  Duvessa (D:6)
  A black bear (D:10)
  2 phantoms
  A swamp drake (D:10)
  2 ice beasts
  3 orc warriors (D:10)
  4 ogres
  A centaur (D:10)
  A big kobold (D:10)
  A giant frog (D:9)
  A gnoll sergeant (D:8)
  Dowan (D:6)
  An elf skeleton (D:6)
  A scorpion (D:8)
  2 killer bees
  5 wights (D:10)
  3 howler monkeys
  6 crimson imps
  A giant frog zombie (D:9)
  2 centaur zombies (Ossuary)
  2 human zombies
  3 centaur skeletons
  4 jellies
  5 orc priests
  A hound (D:8)
  3 orc wizards
  2 human skeletons (D:6)
  3 iguanas
  11 worker ants
  A killer bee zombie (D:6)
  A big kobold zombie (Ossuary)
  A hound zombie (D:6)
  A hound skeleton (D:6)
  2 mummies (Ossuary)
  5 gnolls
  6 adders
  3 shadow imps
  An ooze (D:6)
  An adder zombie (Ossuary)
  An adder skeleton (D:5)
  3 worms
  A dart slug (D:2)
  6 giant geckos
  35 orcs
  3 bats
  5 giant cockroaches
  4 goblins
  9 hobgoblins
  12 jackals
  8 kobolds
  4 quokkas
  5 giant newts
  A goblin zombie (Ossuary)
  6 hobgoblin zombies (Ossuary)
  A jackal zombie (Ossuary)
  11 kobold zombies (Ossuary)
  7 orc zombies
  2 quokka zombies
  6 rats
234 creatures vanquished.

Vanquished Creatures (collateral kills)
  Erica (D:9)
  A hill giant (D:10)
  Eustachio (D:5)
  A steam dragon (D:8)
  An orc warrior (D:10)
  A sky beast (D:5)
  3 ogres
  An elf zombie (Ossuary)
  A giant frog (D:6)
  2 scorpions
  2 killer bees (D:4)
  3 howler monkeys
  2 hounds
  A jelly (D:7)
  2 orc priests
  A human zombie (Ossuary)
  3 orc wizards
  An iguana (D:6)
  A worker ant (D:9)
  A big kobold zombie (Ossuary)
  2 gnolls (D:4)
  4 adders
  3 orcs
  A hobgoblin (D:3)
  3 jackals
  A kobold (D:10)
  A bat (D:3)
  A giant newt (D:3)
  A jackal skeleton (D:5)
  2 kobold zombies (Ossuary)
  2 orc zombies (Ossuary)
  A rat (D:2)
52 creatures vanquished.

Grand Total: 286 creatures vanquished

Notes
Turn   | Place    | Note
-------+----------+-------------------------------------------
     0 | D:1      | rlgrobin the Formicid Fighter began the quest for the Orb.
     0 | D:1      | Reached XP level 1. HP: 18/18 MP: 1/1
   201 | D:1      | Reached XP level 2. HP: 23/24 MP: 2/2
   393 | D:1      | Reached skill level 3 in Axes
   786 | D:2      | Reached XP level 3. HP: 29/29 MP: 3/3
   976 | D:2      | Found a faded altar of an unknown god.
  1059 | D:2      | Became a worshipper of Hepliaklqana
  1059 | D:2      | Reached * piety under Hepliaklqana
  1274 | D:2      | Reached skill level 4 in Axes
  1274 | D:2      | Reached XP level 4. HP: 31/31 MP: 4/4
  1543 | D:3      | Reached ** piety under Hepliaklqana
  1544 | D:3      | Remembered your ancestor Arsinoe as a hexer
  1929 | D:3      | Reached XP level 5. HP: 12/36 MP: 5/5
  1930 | D:3      | Reached skill level 5 in Axes
  2608 | D:4      | Reached XP level 6. HP: 41/42 MP: 6/6
  2624 | D:4      | Reached skill level 6 in Axes
  2838 | D:4      | Reached XP level 7. HP: 14/46 MP: 7/7
  2843 | D:4      | Reached skill level 7 in Axes
  2910 | D:4      | Found a staircase to the Ecumenical Temple.
  2918 | D:4      | Reached *** piety under Hepliaklqana
  3087 | D:4      | HP: 2/46 [gnoll/halberd (11)]
  3509 | D:4      | Reached skill level 8 in Axes
  4261 | D:5      | Entered Level 5 of the Dungeon
  4291 | D:5      | Reached **** piety under Hepliaklqana
  4294 | D:5      | Noticed Menkaure
  4301 | D:5      | Killed Menkaure
  4301 | D:5      | Reached XP level 8. HP: 52/52 MP: 8/8
  4497 | D:5      | Noticed Grinder
  4510 | D:5      | Killed Grinder
  4510 | D:5      | Reached skill level 9 in Axes
  4689 | D:5      | Reached skill level 10 in Axes
  4806 | D:5      | Noticed Eustachio
  4832 | D:5      | Killed Eustachio
  4832 | D:5      | Reached XP level 9. HP: 42/57 MP: 9/9
  4861 | D:5      | Reached skill level 11 in Axes
  5358 | D:6      | Found a bloodstained altar of Trog.
  5435 | D:6      | Reached skill level 12 in Axes
  5444 | D:6      | Found a sand-covered staircase.
  5453 | Ossuary  | Entered an ossuary
  5779 | D:6      | Noticed Duvessa
  5799 | D:6      | Noticed Dowan
  5809 | D:6      | Killed Duvessa
  5809 | D:6      | Reached skill level 5 in Fighting
  5815 | D:6      | Killed Dowan
  5852 | D:6      | Reached XP level 10. HP: 38/68 MP: 10/10
  6246 | D:6      | Reached ***** piety under Hepliaklqana
  6465 | D:7      | Found a burning altar of Makhleb.
  6635 | D:7      | Found a snail-covered altar of Cheibriados.
  6861 | D:8      | Found a shimmering altar of Xom.
  6952 | D:8      | Found a white marble altar of Elyvilon.
  7063 | D:8      | Noticed Joseph
  7096 | D:8      | Killed Joseph
  7326 | D:8      | Found Juseix's General Store.
  7329 | D:8      | Bought a scroll of identify for 28 gold pieces
  7329 | D:8      | Bought a scroll of immolation for 49 gold pieces
  7665 | D:9      | Noticed Psyche
  7672 | D:9      | Killed Psyche
  7672 | D:9      | Reached skill level 10 in Fighting
  7729 | D:9      | Found a staircase to the Lair.
  7824 | D:9      | Found a shattered altar of Ashenzari.
  7831 | D:9      | Noticed Erica
  7840 | D:9      | Killed Erica
  7840 | D:9      | Reached XP level 11. HP: 51/83 MP: 11/11
  8180 | D:9      | Got a wavering tin ring
  8464 | D:9      | Learned a level 1 spell: Summon Butterflies
  8470 | D:9      | Learned a level 5 spell: Summon Mana Viper
  8506 | D:10     | Entered Level 10 of the Dungeon
  8523 | D:10     | Reached skill level 5 in Shields
  8832 | D:10     | Noticed a hill giant
  8843 | D:10     | Killed a hill giant
  8868 | D:10     | Found a staircase to the Orcish Mines.
  9002 | D:10     | Identified the ring "Qisav" {rElec rN+ Stlth-} (You found it on level 9 of the Dungeon)
  9318 | D:10     | Noticed Harold
  9325 | D:10     | Killed from afar by Harold

Vault maps used:
D:1:      minmay_arrival_up_and_down
D:2:      ecumenical_altar_2, first_bread
D:4:      item_on_display_a
D:5:      uniq_grinder, uniq_eustachio, uniq_menkaure
D:6:      overflow_temple_1_default, nicolae_ossuary_entry_catacombs,
          uniq_duvessa
D:7:      nicolae_overflow_crystal_walls, cheibrodos_worm_habitat
D:8:      lemuel_crystal_altar, xom_teletrap_fun, serial_shops,
          kennysheep_mini_moat, uniq_joseph
D:9:      lair_0_dummy, basic_altar, uniq_psyche, uniq_erica
D:10:     erik_orc_1, uniq_harold
Ossuary:  ossuary_tomb_1

Skill      XL: |  1  2  3  4  5  6  7  8  9 10 11 |
---------------+----------------------------------+-----
Axes           | 3 4 5 6 8 10 12 | 12.1
Fighting       | 5 11 | 11.3
Shields        | 9 |  9.0
Armour         | |  3.2

Action                   |  1- 3 |  4- 6 |  7- 9 | 10-12 || total
-------------------------+-------+-------+-------+-------++-------
Melee: War axe           |   105 |   121 |   371 |   365 ||   962
Invok: Ancestor Identity |     2 |       |       |       ||     2
       Ancestor Life: He |       |     1 |       |       ||     1
       Recall Ancestor   |       |       |       |     1 ||     1
  Use: Scroll            |       |       |    20 |     7 ||    27
       Potion            |       |       |     3 |       ||     3
 Stab: Confused          |       |     5 |    11 |     4 ||    20
       Distracted        |       |       |     3 |     1 ||     4
  Eat: Chunk             |     1 |     5 |     6 |    12 ||    24
       Fruit             |       |       |     5 |       ||     5
       Beef jerky        |       |       |     1 |       ||     1
Armor: Scale mail        |    37 |    34 |    88 |    98 ||   257
Dodge: Dodged            |    25 |    31 |    81 |    75 ||   212
Block: Shield            |    53 |    63 |   108 |   129 ||   353
